 Dungeon Crawl Stone Soup version 0.20.1-1-g8b1a95d (webtiles) character file.

36857 empire the Fighter (level 13, -6/116 HPs)
             Began as a Minotaur Fighter on Aug 11, 2017.
             Was an Elder of Nemelex Xobeh.
             Killed from afar by an ice statue (9 damage)
             ... with a freezing blast
             ... in an ice cave.
             The game lasted 00:47:37 (15070 turns).

empire the Fighter (Minotaur Fighter)              Turns: 15070, Time: 00:47:39

Health: -6/116     AC: 18    Str: 22    XL:     13   Next: 55%
Magic:  18/18      EV: 17    Int:  5    God:    Nemelex Xobeh [****..]
Gold:   931        SH: 12    Dex: 14    Spells: 12/12 levels left

rFire    + + .     SeeInvis .   b - +2 scimitar (flame)
rCold    + . .     Gourm    .   c - +0 shield
rNeg     + . .     Faith    .   E - +3 ring mail {rN+}
rPois    +         Spirit   .   H - +2 hat
rElec    .         Reflect  .   Y - scarf {rC+ rF+}
rCorr    .         Harm     .   y - +1 pair of gloves
MR       .....                  A - +2 pair of boots
Stlth    +.........             Q - amulet of regeneration
Regen    0.7/turn               K - ring of protection from fire
MPRegen  0.2/turn               N - ring of poison resistance

@: about to teleport
A: retaliatory headbutt, horns 2
a: Triple Draw, Deal Four, Renounce Religion


You were in an ice cave.
You worshipped Nemelex Xobeh.
Nemelex Xobeh was greatly pleased with you.
You were not hungry.

You visited 3 branches of the dungeon, and saw 17 of its levels.
You also visited: Ice Cave.

You collected 931 gold pieces.

Inventory:

Hand Weapons
 a - a +3 scimitar
 b - a +2 scimitar of flaming (weapon)
 u - a +1 demon whip of draining
 x - a +2 quarterstaff of protection
Armour
 c - a +0 shield (worn)
 q - a +3 troll leather armour {Snorg}
 y - a +1 pair of gloves (worn)
 A - a +2 pair of boots (worn)
 E - a +3 ring mail of positive energy (worn)
 H - a +2 hat (worn)
 Y - a scarf of resistance (worn)
Jewellery
 n - a cursed ring of teleportation {unknown}
 p - an uncursed ring of protection from fire
 s - an uncursed ring of resist corrosion {unknown}
 K - a ring of protection from fire (left hand)
 N - a ring of poison resistance (right hand)
 Q - an amulet of regeneration (around neck)
Wands
 d - a wand of confusion (21/48)
 l - a wand of flame (21/48)
 m - a wand of paralysis (12/24)
 B - a wand of polymorph (20/24)
 D - a wand of acid (8/15)
 G - a wand of digging (4/24)
 P - a wand of digging (7/24)
Scrolls
 e - 6 scrolls of remove curse
 g - 5 scrolls of fear
 r - 4 scrolls of fog
 w - 9 scrolls of teleportation
 z - a scroll of immolation
 W - 2 scrolls of amnesia
Potions
 h - a potion of curing
 j - a potion of flight {unknown}
 o - a potion of agility
 C - a potion of mutation
 S - a potion of resistance {unknown}
 T - 2 potions of lignification {unknown}
 Z - a potion of ambrosia {unknown}
Books
 t - a book of Callings

   Spells                             Type                      Level
   a - Summon Small Mammal            Summoning                    1
   b - Call Imp                       Summoning                    2
   c - Call Canine Familiar           Summoning                    3
   d - Summon Guardian Golem          Hexes/Summoning              3
   e - Summon Lightning Spire         Summoning/Air                4
   f - Summon Ice Beast               Ice/Summoning                4
Miscellaneous
 X - a plain deck of summoning {drawn: 1}
Comestibles
 f - 13 bread rations
 i - 2 meat rations
 k - 16 royal jellies
 v - a chunk of flesh
 V - 6 fruits


   Skills:
 - Level 11.0 Fighting
 - Level 11.0 Long Blades
 - Level 11.0 Armour
 + Level 10.6 Dodging
 - Level 11.0 Shields
 + Level 8.8 Invocations
 + Level 8.5 Evocations


You had 12 spell levels left.
You didn't know any spells.

Dungeon Overview and Level Annotations

Branches:
Dungeon (15/15)            Temple (1/1) D:5            Lair (1/6) D:11
    Orc (0/2) D:12         Vaults (0/5) D:14
 Depths: D:15

Altars:
Ashenzari
Cheibriados
Dithmenos
Elyvilon
Fedhas
Gozag
Hepliaklqana
Kikubaaqudgha
Makhleb
Nemelex Xobeh
Okawaru
Qazlal
Ru
Sif Muna
Trog
Uskayaw
Vehumet
Xom
Yredelemnul
Zin
The Shining One

Shops:
D:10 *   D:14 (

Annotations:
D:15 shugdite's ghost, adept MiFi
Lair:1 exclusion: 2 oklob plants IceCv exclusion: 2 ice statues


Innate Abilities, Weirdness & Mutations

You reflexively headbutt those who attack you in melee.
You have a pair of horns on your head.


Message History

The ice statue gestures.
You block the ice beast's attack. The ice beast hits you.
* * * LOW HITPOINT WARNING * * *
The ice beast freezes you. You resist.
* * * LOW HITPOINT WARNING * * *
You barely miss the ice statue.
You headbutt the ice statue, but do no damage.
The ice statue is heavily damaged.
You are engulfed in freezing vapours.
You resist.
* * * LOW HITPOINT WARNING * * *
The ice statue gestures.
The ice beast hits you but does no damage.
You block the ice beast's attack.
As you read the scroll of teleportation, it crumbles to dust.
You feel strangely unstable.
You are engulfed in freezing vapours.
You resist.
* * * LOW HITPOINT WARNING * * *
The ice statue gestures at you. The freezing blast engulfs you! You resist.
You die...
Your body glows slightly and disappears.

#####
##...#####
##........##
#..........##
##..........#
#§..§§.......
#Y§§..Y.....
#§@Y...Y...#
#8#§...#8###
####§.##
##§§# ##§§##
#§§## #§§§##
##.§§##
##§§§#


You could see 2 ice statues and 4 ice beasts.

Vanquished Creatures
  Frances (D:14)
  Azrael (D:14)
  Snorg (D:12)
  A hydra (D:14)
  A yaktaur captain (D:14)
  2 centaur warriors (D:14)
  3 two-headed ogres
  A skeletal warrior (D:13)
  3 unseen horrors
  A wolf spider zombie (D:14)
  6 ugly things
  2 cyclopes (D:14)
  An elephant (D:12)
  A black mamba (Lair:1)
  5 centaur skeletons
  3 spiny frogs (Lair:1)
  2 gargoyles
  A komodo dragon (Lair:1)
  2 yaktaurs (D:14)
  An efreet (D:14)
  2 trolls
  An ice devil (IceCv)
  A tengu conjurer (D:13)
  A hornet (D:13)
  5 slime creatures
  6 hippogriffs
  3 dream sheep (D:6)
  A wyvern (D:14)
  A redback (D:9)
  A vampire (D:12)
  3 basilisks
  3 fire elementals (D:14)
  A wraith (D:14)
  5 yaks (D:11)
  4 water moccasins (Lair:1)
  A warg (D:12)
  A hell hound (D:14)
  3 porcupines (Lair:1)
  8 orc warriors
  2 swamp drakes (D:9)
  7 ice beasts
  A hornet zombie (D:6)
  6 ogres
  A necrophage (D:14)
  A phantom (D:13)
  5 centaurs
  7 crocodiles
  A big kobold (D:14)
  11 bullfrogs
  A gnoll sergeant (D:8)
  A wyvern zombie (D:9)
  A wyvern skeleton (D:6)
  4 scorpions
  27 killer bees
  10 wights
  8 howler monkeys
  4 crimson imps
  8 centaur zombies
  5 hounds
  4 jellies
  Crazy Yiuf (D:2)
  5 bullfrog skeletons
  6 orc priests
  A gnoll shaman (D:7)
  12 orc wizards
  4 iguanas
  11 worker ants
  A killer bee zombie (D:9)
  3 hound zombies
  2 hound skeletons
  A worker ant zombie (D:5)
  A howler monkey skeleton (D:6)
  15 adders
  8 gnolls
  3 shadow imps
  8 white imps (IceCv)
  2 ufetubi (IceCv)
  An ooze (D:5)
  2 adder zombies (D:6)
  An adder skeleton (D:7)
  3 worms
  A dart slug (D:2)
  8 leopard geckos
  31 orcs
  5 giant cockroaches
  11 goblins
  8 hobgoblins
  10 jackals
  6 quokkas
  6 bats
  5 frilled lizards
  10 kobolds
  10 rats
407 creatures vanquished.

Vanquished Creatures (collateral kills)
  A two-headed ogre (D:11)
  Urug (D:12)
  2 unseen horrors
  A cyclops (D:12)
  2 wraiths (D:12)
  A wyvern (D:10)
  2 yaks (D:11)
  A swamp worm (D:8)
  An orc warrior (D:11)
  4 centaurs (D:13)
  A big kobold (D:11)
  A bullfrog (D:11)
  A scorpion (D:9)
  7 killer bees (D:10)
  A howler monkey (D:10)
  4 wights (D:10)
  A jelly (D:10)
  2 orc wizards (D:9)
  A shadow imp (D:10)
  A white imp (IceCv)
  3 orcs (D:10)
  2 jackals (D:11)
  3 kobolds (D:11)
44 creatures vanquished.

Vanquished Creatures (others)
  A queen bee (D:11)
  2 dream sheep (D:6)
  A wraith (D:12)
  2 killer bees (D:11)
  3 white imps (IceCv)
  An orc (D:14)
  11 fungi (D:11)
  15 plants
36 creatures vanquished.

Grand Total: 487 creatures vanquished

Notes
Turn   | Place    | Note
-------+----------+-------------------------------------------
     0 | D:1      | empire the Minotaur Fighter began the quest for the Orb.
     0 | D:1      | Reached XP level 1. HP: 19/19 MP: 0/0
   151 | D:1      | Reached XP level 2. HP: 27/27 MP: 1/1
   546 | D:1      | Reached skill level 1 in Dodging
   637 | D:1      | Reached XP level 3. HP: 30/33 MP: 2/2
  1037 | D:2      | Found a runed door.
  1328 | D:2      | Found a stormy altar of Qazlal.
  1343 | D:2      | Reached XP level 4. HP: 40/40 MP: 3/3
  1535 | D:2      | Noticed Crazy Yiuf
  1546 | D:2      | Killed Crazy Yiuf
  1893 | D:3      | Found a burning altar of Makhleb.
  2164 | D:3      | Found an ancient bone altar of Kikubaaqudgha.
  2429 | D:4      | Reached XP level 5. HP: 15/46 MP: 4/4
  2809 | D:4      | Noticed an ogre
  2814 | D:4      | Killed an ogre
  2814 | D:4      | Reached skill level 5 in Armour
  2814 | D:4      | Reached skill level 5 in Shields
  2814 | D:4      | Reached XP level 6. HP: 52/53 MP: 5/5
  3067 | D:4      | Reached skill level 5 in Fighting
  3230 | D:4      | Reached XP level 7. HP: 36/61 MP: 6/6
  3416 | D:5      | Entered Level 5 of the Dungeon
  3518 | D:5      | Reached skill level 5 in Long Blades
  3586 | D:5      | Reached skill level 1 in Evocations
  3618 | D:5      | Found a glowing golden altar of the Shining One.
  3838 | D:5      | Found a staircase to the Ecumenical Temple.
  3843 | Temple   | Entered the Ecumenical Temple
  4190 | D:4      | Found a bloodstained altar of Trog.
  4190 | D:4      | Found a basalt altar of Yredelemnul.
  4193 | D:4      | Found a sparkling altar of Nemelex Xobeh.
  4202 | D:4      | Became a worshipper of Nemelex Xobeh the Trickster
  4253 | D:6      | Reached XP level 8. HP: 54/70 MP: 8/8
  4456 | D:6      | Received a gift from Nemelex Xobeh
  4540 | D:6      | Reached skill level 1 in Invocations
  4542 | D:6      | Found a deep blue altar of Sif Muna.
  4600 | D:6      | Found a shimmering altar of Xom.
  4600 | D:6      | Noticed a dream sheep
  4600 | D:6      | Noticed a dream sheep
  4600 | D:6      | Noticed a dream sheep
  4600 | D:6      | Noticed a dream sheep
  4600 | D:6      | Noticed a dream sheep
  4602 | D:6      | Killed a dream sheep
  4602 | D:6      | Killed a dream sheep
  4602 | D:6      | Killed a dream sheep
  4602 | D:6      | Killed a dream sheep
  4605 | D:6      | Killed a dream sheep
  4704 | D:6      | Reached skill level 5 in Dodging
  4710 | D:6      | Received a gift from Nemelex Xobeh
  4746 | D:6      | Reached XP level 9. HP: 28/78 MP: 10/10
  5024 | D:6      | Reached * piety under Nemelex Xobeh
  5898 | D:7      | Found a blossoming altar of Fedhas.
  5903 | D:7      | Received a gift from Nemelex Xobeh
  6708 | D:8      | Reached XP level 10. HP: 88/88 MP: 12/12
  6733 | D:8      | Reached ** piety under Nemelex Xobeh
  6763 | D:8      | Received a gift from Nemelex Xobeh
  6941 | D:8      | Noticed a two-headed ogre
  6945 | D:8      | a two-headed ogre changed into a swamp worm
  6978 | D:8      | Found a glowing silver altar of Zin.
  6978 | D:8      | Noticed an angel
  7182 | D:9      | Noticed a two-headed ogre
  7183 | D:9      | a two-headed ogre changed into a redback
  7374 | D:9      | Found a hide-covered altar of Uskayaw.
  7555 | D:9      | Found a shattered altar of Ashenzari.
  7555 | D:9      | Found a radiant altar of Vehumet.
  7967 | D:10     | Entered Level 10 of the Dungeon
  8411 | D:10     | Noticed a gargoyle
  8416 | D:10     | Killed an unseen horror
  8419 | D:10     | Found a hide-covered altar of Uskayaw.
  8422 | D:10     | Killed an unseen horror
  8422 | D:10     | Reached skill level 5 in Evocations
  8597 | D:9      | Reached skill level 5 in Invocations
  8641 | D:10     | Killed a gargoyle
  8706 | D:10     | Noticed a two-headed ogre
  8719 | D:10     | Killed a two-headed ogre
  8782 | D:10     | Found Yfeid's Serpentskin Sales.
  9235 | D:11     | Killed an unseen horror
  9302 | D:11     | Reached XP level 11. HP: 93/95 MP: 13/13
  9471 | D:11     | Noticed a two-headed ogre
  9486 | D:11     | Killed a two-headed ogre
  9607 | D:11     | Received a gift from Nemelex Xobeh
  9839 | D:11     | Noticed a two-headed ogre
  9846 | D:11     | Killed a two-headed ogre
  9957 | D:11     | Reached *** piety under Nemelex Xobeh
  9971 | D:11     | Found a staircase to the Lair.
 10267 | D:11     | Noticed a white ugly thing
 10281 | D:11     | Killed a white ugly thing
 10404 | D:11     | Noticed a two-headed ogre
 10413 | D:11     | Killed a two-headed ogre
 10492 | D:11     | Killed an unseen horror
 10593 | D:12     | Noticed Urug
 10593 | D:12     | Noticed Snorg
 10602 | D:12     | Killed Snorg
 10605 | D:12     | Killed Urug
 10691 | D:12     | Killed an unseen horror
 10691 | D:12     | Reached skill level 10 in Fighting
 10702 | D:12     | Reached XP level 12. HP: 78/106 MP: 15/15
 10900 | D:12     | Found a staircase to the Orcish Mines.
 10924 | D:12     | Reached skill level 10 in Armour
 11106 | D:12     | Reached skill level 10 in Shields
 11159 | D:12     | Noticed Josephine
 11162 | D:12     | Noticed Josephine
 11162 | D:12     | Josephine changed into Josephine the elephant
 11166 | D:12     | Killed Josephine the elephant
 11334 | D:12     | Received a gift from Nemelex Xobeh
 11415 | D:12     | Reached skill level 10 in Long Blades
 12684 | D:14     | Noticed a seven-headed hydra
 12701 | D:14     | Killed a seven-headed hydra
 12955 | D:14     | Noticed a centaur warrior
 12965 | D:14     | Killed a centaur warrior
 13007 | D:14     | Noticed Frances
 13024 | D:14     | Killed Frances
 13024 | D:14     | Reached XP level 13. HP: 115/116 MP: 17/17
 13129 | D:14     | Noticed Azrael
 13174 | D:14     | Killed Azrael
 13309 | D:14     | Noticed Nessos
 13325 | D:14     | Noticed Nessos
 13325 | D:14     | Nessos changed into Nessos the moth of wrath
 13326 | D:14     | Noticed Nessos
 13326 | D:14     | Nessos the moth of wrath changed into Nessos the big kobold
 13337 | D:14     | Killed Nessos the big kobold
 13477 | D:14     | Reached skill level 10 in Dodging
 13570 | D:14     | Found Pesonede's Weapon Shoppe.
 13697 | D:14     | Found a gate to the Vaults.
 13724 | D:14     | Received a gift from Nemelex Xobeh
 13851 | D:15     | Entered Level 15 of the Dungeon
 13879 | D:15     | Noticed shugdite's ghost (adept MiFi)
 13914 | D:15     | Noticed a fire dragon
 14487 | Lair:1   | Entered Level 1 of the Lair of Beasts
 14620 | Lair:1   | Reached **** piety under Nemelex Xobeh
 14875 | Lair:1   | Found a frozen archway.
 14881 | IceCv    | Entered an ice cave
 15070 | IceCv    | HP: 2/116 [ice statue] (10)]
 15070 | IceCv    | Killed from afar by an ice statue

Skill      XL: |  1  2  3  4  5  6  7  8  9 10 11 12 13 |
---------------+----------------------------------------+-----
Dodging        | 1 2 3 4 5 6 7 8 9 10 | 10.6
Armour         | 4 5 6 7 8 9 11 | 11.0
Long Blades    | 3 4 5 6 7 8 9 10 11 | 11.0
Shields        | 4 5 6 7 8 9 10 11 | 11.0
Fighting       | 4 5 6 7 8 10 11 | 11.0
Evocations     | 1 3 4 5 6 7 8 |  8.5
Invocations    | 2 4 5 6 7 8 |  8.8

Action                   |  1- 3 |  4- 6 |  7- 9 | 10-12 | 13-15 || total
-------------------------+-------+-------+-------+-------+-------++-------
Melee: Long sword        |   130 |   101 |       |       |       ||   231
       Headbutt          |    20 |    23 |    64 |   172 |    84 ||   363
       Scimitar          |       |    27 |   250 |   635 |   268 ||  1180
Evoke: Wand              |       |       |     5 |    10 |     3 ||    18
       Deck              |       |       |       |    51 |     3 ||    54
  Use: Potion            |       |     1 |     2 |    10 |     4 ||    17
       Scroll            |       |       |    14 |    11 |     4 ||    29
 Stab: Distracted        |       |       |       |     1 |       ||     1
       Paralysed         |       |       |       |       |     2 ||     2
       Invisible         |       |       |       |       |     1 ||     1
  Eat: Chunk             |     1 |     6 |    12 |    16 |     7 ||    42
       Meat ration       |       |       |       |     1 |       ||     1
Armor: Scale mail        |    77 |    41 |   101 |   281 |    31 ||   531
       Ring mail         |       |       |       |       |    38 ||    38
Dodge: Dodged            |    35 |    39 |   102 |   346 |   144 ||   666
Block: Shield            |    61 |    60 |   192 |   393 |   156 ||   862
       Rpst.: Long sword |    12 |     4 |       |       |       ||    16
       Scimitar          |       |     5 |    29 |    72 |    36 ||   142
